 Dungeon Crawl Stone Soup version 0.31.0-11-ge490571c62 (webtiles) character file.

Game seed: 15464535036448184033

305 monsoonserge the Sneak (level 6, -7/47 HPs)
             Began as a Merfolk Brigand on Jan 29, 2024.
             Was a Follower of Okawaru.
             Mangled by a gnoll
             ... wielding a +0 halberd
              (16 damage)
             ... on level 4 of the Dungeon.
             The game lasted 00:09:41 (2669 turns).

monsoonserge the Sneak (Merfolk Brigand)            Turns: 2669, Time: 00:09:42

Health: -7/47      AC:  3    Str: 11    XL:     6   Next: 39%
Magic:  6/6        EV: 13    Int: 11    God:    Okawaru [*.....]
Gold:   85         SH:  5    Dex: 17    Spells: 5/5 levels left

rFire   . . .        a - +2 dagger
rCold   . . .        (no shield)
rNeg    + . .        b - +0 robe
rPois   .            (no helmet)
rElec   .            c - +0 cloak
rCorr   .            (no gloves)
SInv    .            (no boots)
Will    .....        h - amulet of reflection
Stlth   +++          m - ring of positive energy
HPRegen 0.27/turn    (no ring)
MPRegen 0.10/turn

%: reflection
@: no status effects
A: (nimble swimmer 2), mertail
a: Renounce Religion, Heroism


You were on level 4 of the Dungeon.
You worshipped Okawaru.
Okawaru was aware of your devotion.
You visited 2 branches of the dungeon, and saw 5 of its levels.

You collected 85 gold pieces.

Inventory:

Hand Weapons
 a - a +2 dagger (weapon)
Missiles
 d - 7 poisoned darts (quivered)
 e - a curare-tipped dart
 r - a boomerang
Armour
 b - a +0 robe (worn)
 c - a +0 cloak (worn)
Jewellery
 h - an amulet of reflection (around neck)
 m - a ring of positive energy (left hand)
Scrolls
 g - 2 scrolls of teleportation {unknown}
 i - 3 scrolls of immolation {unknown}
 k - 2 scrolls of fog {unknown}
 l - a scroll of enchant armour {unknown}
 n - 2 scrolls of enchant weapon {unknown}
 o - a scroll of blinking {unknown}
 p - 2 scrolls of fear {unknown}
 q - a scroll of identify {unknown}
Potions
 f - a potion of might {unknown}
 j - a potion of invisibility {unknown}


   Skills:
 + Level 3.0 Fighting
 * Level 5.5 Short Blades
 + Level 2.4 Throwing
 + Level 2.5 Dodging
 + Level 5.9 Stealth
 * Level 1.0 Invocations


You had 5 spell levels left.
You didn't know any spells.
Your spell library contained the following spells:

 Spells                   Type           Power      Damage    Failure   Level
 Mercury Vapours          Alch/Air       0%         N/A       47%         2
 Dazzling Flash           Conj/Hex       0%         N/A       71%         3
 Mephitic Cloud           Conj/Alch/Air  0%         N/A       71%         3
 Volatile Blastmotes      Fire/Tloc      0%         2d10      71%         3
 Irradiate                Conj/Alch      0%         3d11      100%        5
 Lee's Rapid Deconstruct  Erth           0%         3d4*      100%        5
 Eringya's Noxious Bog    Alch           0%         4d6       100%        6
 Starburst                Conj/Fire      0%         6d3       100%        6
 Maxwell's Capacitive Co  Air            0%         ∞         100%        8
 Animate Armour           Summ/Erth      Unusable   N/A       N/A         4
 Summon Lightning Spire   Summ/Air       Unusable   N/A       N/A         4

Dungeon Overview and Level Annotations

Branches:
Dungeon (4/15)             Temple (1/1) D:4

Altars:
Ashenzari
Cheibriados
Dithmenos
Hepliaklqana
Kikubaaqudgha
Okawaru
Qazlal
Sif Muna
Trog
Uskayaw
Wu Jian
Zin
The Shining One
Ignis


Innate Abilities, Weirdness & Mutations

((You are very nimble when in or above water. (Stealth+, EV+, Speed+++)))
Your lower body shifts to a powerful aquatic tail in water.


Message History

e - a curare-tipped dart
d - 8 poisoned darts (gained 1)
There is a staircase to the Ecumenical Temple here.
You climb downwards.
Welcome to the Ecumenical Temple!
Found a staircase back to the Dungeon.
There is a staircase back to the Dungeon here.
You climb upwards.
Welcome back to the Dungeon!
There is a staircase to the Ecumenical Temple here.
There is a fountain of clear blue water here.
A gnoll comes into view. It is wielding a +0 halberd.
Throw: 8 darts (poison)
Press: ? - help, Q - select action, (/) - cycle Shift-Dir - straight line, f - gnoll
Aim: a gnoll, wielding a +0 halberd (63% to hit)
You throw a poisoned dart.
The poisoned dart barely misses the gnoll.
The gnoll closely misses you.
You closely miss the gnoll. The gnoll hits you with a +0 halberd!
You closely miss the gnoll. The gnoll hits you with a +0 halberd!
You closely miss the gnoll. You hit the gnoll.
The gnoll is heavily wounded.
The gnoll hits you with a +0 halberd.
You closely miss the gnoll.
The gnoll is heavily wounded.
The gnoll hits you with a +0 halberd!
You hit the gnoll.
The gnoll is severely wounded.
You hit the gnoll but do no damage. Your punch misses the gnoll.
The gnoll is severely wounded.
The gnoll barely misses you.
You completely miss the gnoll.
The gnoll is severely wounded.
The gnoll hits you with a +0 halberd!
* * * LOW HITPOINT WARNING * * *
You barely miss the gnoll.
The gnoll is severely wounded.
You hit the gnoll.
The gnoll is almost dead.
The gnoll hits you with a +0 halberd!
You die...

..........................#
.)............#..⌠...⌠..#
..........)...#.........#.#
...................>......#
>.............#.........#..
#.............#..⌠...⌠..#
##.....#...................
############.#.........#..
#.##@##.##.## # #.##g##.#
... ..##..#.. ..##
.####...## # $ (## .. ##


You could see a gnoll.

Vanquished Creatures
  An ogre (D:4)
  A hound (D:3)
  3 adders (D:2)
  9 gnolls
  3 orcs (D:3)
  4 endoplasms
  4 giant cockroaches
  8 hobgoblins
  6 jackals (D:2)
  7 kobolds
  2 quokkas
  11 ball pythons
  8 bats
  4 frilled lizards
  4 goblins
  6 rats
81 creatures vanquished.

Notes
Turn   | Place    | Note
-------+----------+-------------------------------------------
     0 | D:1      | monsoonserge the Merfolk Brigand began the quest for the
                  | Orb.
     0 | D:1      | Reached XP level 1. HP: 16/16 MP: 1/1
   159 | D:1      | Reached XP level 2. HP: 23/23 MP: 2/2
   506 | D:1      | Reached skill level 5 in Stealth
   545 | D:1      | Reached XP level 3. HP: 28/28 MP: 3/3
   913 | D:2      | Reached XP level 4. HP: 5/34 MP: 4/4
  1200 | D:2      | Reached XP level 5. HP: 9/39 MP: 5/5
  1954 | D:2      | Found an iron altar of Okawaru.
  1959 | D:2      | Became a worshipper of Warmaster Okawaru
  2167 | D:3      | Got Sif Muna's Octavo of the Hornet and the Entourage
  2304 | D:3      | Reached skill level 5 in Short Blades
  2395 | D:3      | You fall into a shaft and drop 1 floor!
  2395 | D:4      | Found a staircase to the Ecumenical Temple.
  2396 | D:4      | Noticed an ogre
  2414 | D:4      | Killed an ogre
  2414 | D:4      | Reached * piety under Okawaru
  2415 | D:4      | Reached skill level 1 in Invocations
  2415 | D:4      | Reached XP level 6. HP: 15/46 MP: 6/6
  2651 | Temple   | Entered the Ecumenical Temple
  2669 | D:4      | Mangled by a gnoll

Illustrated notes

Levels and vault maps discovered:
D:1:      dpeg_arrival_round_a, layout_basic, nrook_mini_backslash
D:2:      layout_basic, basic_altar, minmay_misc_feat_enclosed
D:3:      layout_basic, nicolae_overflow_ecumenical_swirl, hex_large,
          st_stairs_14, minmay_joined_circles
D:4:      layout_rooms, minmay_temple_entry_large_hall, moated_statue,
          minmay_pentomino_pile, uniq_natasha
Temple:   ebering_untended_altars

Skill      XL: |  1  2  3  4  5  6 |
---------------+-------------------+-----
Stealth        | 5 |  5.9
Short Blades   | 3 4 5 |  5.5
Dodging        | 2 |  2.5
Invocations    | 1 |  1.0
Fighting       | 3 |  3.0
Throwing       | |  2.4

Action                     |  1- 3 |  4- 6 || total
---------------------------+-------+-------++-------
  Melee: Dagger            |    80 |   209 ||   289
         Punch             |       |     2 ||     2
  Throw: Dart              |     1 |    21 ||    22
   Stab: Sleeping          |    13 |     1 ||    14
 Armour: Robe              |    33 |    75 ||   108
  Dodge: Dodged            |    41 |    77 ||   118
  Block: Other             |    15 |    24 ||    39
